 Dungeon Crawl Stone Soup version 0.19.4-9-g45fd643 (console) character file.

74 Grinner the Twirler (level 4, -4/37 HPs)
             Began as a Minotaur Gladiator on Feb 21, 2017.
             Slain by Natasha (8 damage)
             ... on level 2 of the Dungeon.
             The game lasted 00:01:38 (1113 turns).

Grinner the Twirler (Minotaur Gladiator)            Turns: 1113, Time: 00:01:39

Health: -4/37      AC:  4    Str: 20    XL:     4   Next: 10%
Magic:  3/3        EV: 12    Int:  5    God:
Gold:   79         SH:  0    Dex: 11    Spells: 0 memorised, 3 levels left

rFire  . . .     SeeInvis .     a - +0 quarterstaff
rCold  . . .     Gourm    .     b - +0 leather armour
rNeg   . . .     Faith    .     (shield currently unavailable)
rPois  .         Spirit   .     c - +0 hat
rElec  .         Reflect  .     (no cloak)
rCorr  .         Harm     .     o - +0 pair of gloves
MR     .....                    (no boots)
Stlth  +.........               (no amulet)
                                (no ring)
                                (no ring)

@: slowed, very slow
A: retaliatory headbutt, horns 2
a: no special abilities


You were on level 2 of the Dungeon.
You were hungry.

You visited 1 branch of the dungeon, and saw 2 of its levels.

You collected 79 gold pieces.

Inventory:

Hand Weapons
 a - a +0 quarterstaff (weapon)
Missiles
 d - 3 throwing nets (quivered)
Armour
 b - a +0 leather armour (worn)
 c - a +0 hat (worn)
 o - a +0 pair of gloves (worn)
Scrolls
 g - a scroll of noise {unknown}
 j - a scroll of random uselessness {unknown}
 l - a scroll of amnesia {unknown}
 m - a scroll of teleportation {unknown}
Potions
 e - a potion of mutation {unknown}
 i - a potion of flight {unknown}
 k - a potion of heal wounds {unknown}
 n - a potion of agility {unknown}
Comestibles
 f - a bread ration
 h - a royal jelly


   Skills:
 - Level 2.4 Fighting
 + Level 6.0 Staves
 - Level 2.0 Throwing
 - Level 3.2 Dodging


You had 3 spell levels left.
You didn't know any spells.

Dungeon Overview and Level Annotations

Branches:
Dungeon (2/15)

Altars:
Uskayaw

Annotations:
D:2 Natasha


Innate Abilities, Weirdness & Mutations

You reflexively headbutt those who attack you in melee.
You have a pair of horns on your head.


Message History

You hit Natasha. You headbutt Natasha, but do no damage.
Natasha is lightly wounded.
Natasha zaps a wand.
You resist with some effort. Natasha claws you.
You completely miss Natasha.
Natasha is lightly wounded.
Natasha claws you!
You closely miss Natasha. You headbutt Natasha!
Natasha is severely wounded.
Natasha claws you!
* * * LOW HITPOINT WARNING * * *
Natasha claws you!
* * * LOW HITPOINT WARNING * * *
You are too injured to fight recklessly!
You are too injured to fight recklessly!
You hit Natasha but do no damage. Your headbutt misses Natasha.
Natasha is severely wounded.
Natasha mumbles some strange words.
You feel troubled. Natasha claws you!
You die...

#####......
#..........
#..........
#.###+####..........
#............†......
+...................
#.............####+#
#.............#
#.......@.....#
#......h†######
#........#
#........#
#........#
###+###........# ###
##.........#.####
+.#
...........#'####
#.+
................#
###.##


You could see Natasha.

Vanquished Creatures
  Natasha (D:2)
  An adder (D:2)
  A gnoll (D:1)
  An ooze (D:1)
  2 giant cockroaches (D:1)
  A goblin (D:1)
  6 hobgoblins
  3 kobolds (D:1)
  3 bats (D:1)
  4 frilled lizards
  5 rats
28 creatures vanquished.

Notes
Turn   | Place    | Note
-------+----------+-------------------------------------------
     0 | D:1      | Grinner the Minotaur Gladiator began the quest for the Orb.
     0 | D:1      | Reached XP level 1. HP: 18/18 MP: 0/0
    34 | D:1      | Reached skill level 4 in Staves
   180 | D:1      | Reached XP level 2. HP: 25/25 MP: 1/1
   412 | D:1      | Reached skill level 5 in Staves
   470 | D:1      | Reached XP level 3. HP: 20/30 MP: 2/2
   929 | D:2      | Found a hide-covered altar of Uskayaw.
   982 | D:2      | Noticed Natasha
   987 | D:2      | Killed Natasha
  1008 | D:2      | Reached skill level 6 in Staves
  1008 | D:2      | Reached XP level 4. HP: 21/37 MP: 3/3
  1101 | D:2      | Noticed Natasha
  1113 | D:2      | Slain by Natasha

Skill      XL: |  1  2  3 |
---------------+----------+-----
Staves         | 4 5 6 |  6.0
Fighting       | |  2.4
Throwing       | |  2.0
Dodging        | |  3.2

Action                   |  1- 3 |  4- 6 || total
-------------------------+-------+-------++-------
Melee: Quarterstaff      |    49 |     9 ||    58
       Headbutt          |     4 |     3 ||     7
Armor: Leather armour    |    11 |       ||    11
Dodge: Dodged            |    25 |     2 ||    27
